 Dungeon Crawl Stone Soup version 0.20-a0-256-gabb291d (webtiles) character file.

12264 shinino the Cleaver (level 11, -3/102 HPs)
             Began as a Minotaur Berserker on Dec 1, 2016.
             Was an Elder of Trog.
             Hit by a large rock thrown by a cyclops (44 damage)
             ... on level 11 of the Dungeon.
             The game lasted 00:23:24 (9872 turns).

shinino the Cleaver (Minotaur Berserker)            Turns: 9872, Time: 00:23:25

Health: -3/102     AC: 12    Str: 27    XL:     11   Next: 60%
Magic:  13/13      EV: 10    Int:  4    God:    Trog [****..]
Gold:   717        SH:  0    Dex: 15    Spells: 10/10 levels left

rFire  + + +     SeeInvis .     J - +0 war axe
rCold  + + .     Gourm    .     A - +0 plate armour
rNeg   . . .     Faith    .     (no shield)
rPois  .         Spirit   .     (helmet restricted)
rElec  .         Reflect  .     u - +0 cloak
rCorr  .         Harm     .     e - +0 pair of gloves
MR     +....                    (no boots)
Stlth  ..........               p - amulet of regeneration
                                x - ring of protection from magic
                                D - ring of Jedickups {rF+ Str+5 Dex+2}

@: exhausted, starving, slowed, drained, very slow
A: retaliatory headbutt, horns 2, cold resistance 2, deformed body, fire
resistance 2
a: Berserk, Trog's Hand, Brothers in Arms, Burn Spellbooks, Renounce Religion


You were on level 11 of the Dungeon.
You worshipped Trog.
Trog was greatly pleased with you.
You were starving.

You visited 1 branch of the dungeon, and saw 11 of its levels.

You collected 717 gold pieces.

Inventory:

Hand Weapons
 s - a +0 battleaxe
 J - a +0 war axe (weapon)
Armour
 e - a +0 pair of gloves (worn)
 u - a +0 cloak (worn)
 A - a +0 plate armour (worn)
Jewellery
 h - an uncursed ring of stealth
 p - an amulet of regeneration (around neck)
 t - a +5 ring of dexterity
 x - a ring of protection from magic (right hand)
 D - the ring of Jedickups (left hand) {rF+ Str+5 Dex+2}
   (You took it off an orc on level 9 of the Dungeon)

   [ring of strength]

   It affects your strength (+5).
   It affects your dexterity (+2).
   It protects you from fire.
Wands
 a - a wand of acid (6/15)
 f - a wand of random effects (21/48)
 m - a wand of flame (18/48)
 o - a wand of digging (15/24)
 w - a wand of iceblast (7/15)
 F - a wand of enslavement (11/24)
 K - a wand of enslavement (15/24)
Scrolls
 b - a scroll of random uselessness {unknown}
 d - 8 scrolls of remove curse
 g - 2 scrolls of recharging
 i - 4 scrolls of immolation
 n - 2 scrolls of enchant weapon
 q - 2 scrolls of fog
 r - 2 scrolls of silence
 v - 3 scrolls of magic mapping
 y - 2 scrolls of enchant armour {unknown}
 z - a scroll of torment {unknown}
 C - 4 scrolls of teleportation
 H - a scroll of vulnerability {unknown}
Potions
 j - 4 potions of flight
 k - 3 potions of cancellation
Comestibles
 c - 9 bread rations
 l - 7 fruits
 B - 7 meat rations
 G - 7 beef jerkies


   Skills:
 - Level 11.3(10.3) Fighting
 + Level 14.0(13.0) Axes
 - Level 11.0(10.1) Armour
 + Level 5.4(4.6) Dodging
 + Level 4.1(3.3) Evocations


You had 10 spell levels left.
You didn't know any spells.

Dungeon Overview and Level Annotations

Branches:
Dungeon (11/15)            Temple (0/1) D:4            Lair (0/6) D:8
    Orc (0/2) D:11

Altars:
Ashenzari
Cheibriados
Okawaru
Ru
Trog
Uskayaw
Vehumet
Xom
Yredelemnul

Shops:
D:7 =(%   D:11 ([

Portals:
Labyrinth: D:11

Annotations:
D:11 shinino's ghost, journeyman MiBe


Innate Abilities, Weirdness & Mutations

You reflexively headbutt those who attack you in melee.
You have a pair of horns on your head.
Your flesh is very cold resistant. (rC++)
Armour fits poorly on your strangely shaped body.
Your flesh is very heat resistant. (rF++)


Message History

You feel less resistant to hostile enchantments.
You start resting.
You are starving!
A cyclops comes into view.
You're too hungry to rest.
You start eating one of the 7 meat rations.
Keep eating? [Y]es or [N]o only, please.
Keep eating? [Y]es or [N]o only, please.
Keep eating?
You stop eating.
The cyclops shouts!
The cyclops throws a large rock.
The large rock hits you!
The cyclops throws a large rock.
The large rock hits you.
Items here: ( ) [ † a large rock; a battleaxe; a plate armour; an orc corpse
s - a battleaxe The cyclops throws a large rock.
The large rock hits you!!!
You die...

,,,,,,,,,,...............#,*,,,,,
,**********#......C.######,*,,###
,,,* **##....))..######,*+*#..
**,* *,........###....#,*,#..u
*,* *,#######.###....#,*,#... *,*
*,*,,####...#)...#,*,#(..
*,******,*,,#...........#,*,##..
*,,,,,,,,*,,#..(.....####,*,,###
*******###..#..@.....# *,*,,,,,
*,*###.#..#........# *,*,,,,,
*,,,...#..#........# *,*,,,,,
*,*###<#..#........# *,*,,***
*,,.......'........# *,*,**,,
*****#.............# *,*,*,,,
#.............# *,*,*,,,
#.............# *,*,*,,,
#...∩.>.∩...### *.#+**,,


You could see a cyclops.

Vanquished Creatures
  A centaur warrior (D:8)
  Urug (D:10)
  A hill giant (D:10)
  A cyclops (D:8)
  2 ugly things
  2 centaur zombies
  A two-headed ogre (D:9)
  2 trolls
  A queen bee (D:9)
  5 hippogriffs
  A wraith (D:10)
  2 wyverns
  5 yaks (D:9)
  A steam dragon (D:7)
  8 orc warriors
  3 sky beasts
  5 ice beasts
  7 ogres
  A necrophage (D:10)
  A centaur (D:10)
  2 big kobolds
  A bullfrog (D:6)
  3 scorpions
  A water moccasin skeleton (D:8)
  20 killer bees
  9 wights
  8 howler monkeys
  An electric eel (D:7)
  4 crimson imps
  Crazy Yiuf (D:3)
  2 bullfrog zombies
  5 orc wizards
  4 bullfrog skeletons
  6 orc priests
  4 centaur skeletons
  5 hounds
  A jelly (D:8)
  An iron imp (D:7)
  11 worker ants
  Natasha (D:2)
  2 iguanas
  A killer bee zombie (D:10)
  A hound zombie (D:8)
  4 worker ant zombies
  2 gnolls (D:1)
  9 adders
  2 shadow imps
  3 oozes
  2 adder skeletons
  2 worms
  5 dart slugs
  7 leopard geckos
  28 orcs
  2 giant cockroaches
  6 goblins
  7 hobgoblins
  9 jackals
  5 quokkas
  3 bats (D:2)
  5 frilled lizards
  17 kobolds
  6 rats
  A spectral orc (D:5)
270 creatures vanquished.

Vanquished Creatures (others)
  A plant (D:9)
1 creature vanquished.

Grand Total: 271 creatures vanquished

Notes
Turn   | Place    | Note
-------+----------+-------------------------------------------
     0 | D:1      | shinino the Minotaur Berserker began the quest for the Orb.
     0 | D:1      | Reached XP level 1. HP: 19/19 MP: 0/0
   210 | D:1      | Reached skill level 4 in Axes
   257 | D:1      | Reached XP level 2. HP: 26/26 MP: 1/1
   525 | D:1      | Reached skill level 5 in Axes
   532 | D:1      | Reached XP level 3. HP: 19/31 MP: 2/2
   787 | D:1      | Reached ** piety under Trog
   998 | D:2      | Reached XP level 4. HP: 39/39 MP: 3/3
  1040 | D:2      | Reached skill level 6 in Axes
  1346 | D:2      | Noticed Natasha
  1351 | D:2      | Killed Natasha
  1777 | D:3      | Found a shattered altar of Ashenzari.
  1779 | D:3      | Reached skill level 7 in Axes
  1779 | D:3      | Reached XP level 5. HP: 45/45 MP: 4/4
  1824 | D:3      | Reached *** piety under Trog
  1972 | D:3      | Found a radiant altar of Vehumet.
  1995 | D:3      | Noticed a hippogriff
  2012 | D:3      | Killed a hippogriff
  2012 | D:3      | Reached skill level 8 in Axes
  2012 | D:3      | Reached XP level 6. HP: 25/51 MP: 5/5
  2211 | D:3      | Found a runed door.
  2465 | D:3      | Found a bloodstained altar of Trog.
  2466 | D:3      | Found a shimmering altar of Xom.
  2580 | D:3      | Noticed Crazy Yiuf
  2584 | D:3      | Killed Crazy Yiuf
  2638 | D:4      | Found a hide-covered altar of Uskayaw.
  2639 | D:4      | Noticed a dagger
  2639 | D:4      | Noticed a hand axe
  2700 | D:4      | Found a staircase to the Ecumenical Temple.
  3190 | D:4      | Reached skill level 9 in Axes
  3190 | D:4      | Reached XP level 7. HP: 54/59 MP: 6/6
  3511 | D:5      | Entered Level 5 of the Dungeon
  3539 | D:5      | Reached skill level 5 in Fighting
  3833 | D:5      | Reached skill level 5 in Armour
  3833 | D:5      | Reached XP level 8. HP: 58/70 MP: 7/7
  4083 | D:5      | Found a basalt altar of Yredelemnul.
  4340 | D:6      | Reached skill level 10 in Axes
  4632 | D:6      | Found an iron altar of Okawaru.
  5059 | D:7      | Found Pixaxiul's Weapon Shoppe.
  5073 | D:7      | Gained mutation: Your flesh is heat resistant. (rF+) [mutagenic meat]
  5149 | D:7      | Reached **** piety under Trog
  5265 | D:7      | Found Foudah's Jewellery Emporium.
  5343 | D:7      | Found Ticricwu's Food Shoppe.
  5415 | D:7      | Reached XP level 9. HP: 71/79 MP: 8/8
  5609 | D:7      | Reached skill level 11 in Axes
  5787 | D:7      | Found a snail-covered altar of Cheibriados.
  6291 | D:8      | Noticed a cyclops
  6293 | D:8      | Noticed a white ugly thing
  6436 | D:8      | Killed a cyclops
  6468 | D:8      | Found a staircase to the Lair.
  6666 | D:8      | Killed a white ugly thing
  6728 | D:8      | Noticed a centaur warrior
  6742 | D:8      | Killed a centaur warrior
  6742 | D:8      | Reached skill level 12 in Axes
  6742 | D:8      | Reached XP level 10. HP: 26/92 MP: 9/9
  7368 | D:8      | Reached skill level 10 in Fighting
  7909 | D:9      | Reached skill level 10 in Armour
  8089 | D:9      | Gained mutation: Your flesh is very heat resistant. (rF++) [potion of mutation]
  8089 | D:9      | Gained mutation: Your spells are a little easier to cast, but a little less powerful. [potion of mutation]
  8089 | D:9      | Gained mutation: Your flesh is cold resistant. (rC+) [potion of mutation]
  8516 | D:9      | Reached skill level 13 in Axes
  8725 | D:9      | Got a twitching bone ring
  8745 | D:9      | Identified the ring of Jedickups {rF+ Str+5 Dex+2} (You took it off an orc on level 9 of the Dungeon)
  8961 | D:10     | Entered Level 10 of the Dungeon
  8969 | D:10     | Reached XP level 11. HP: 102/102 MP: 10/10
  9011 | D:10     | Reached skill level 1 in Evocations
  9082 | D:10     | Noticed Urug
  9101 | D:10     | Killed Urug
  9167 | D:10     | Noticed a hill giant
  9185 | D:10     | Killed a hill giant
  9239 | D:10     | Received a gift from Trog
  9434 | D:10     | Found a sacrificial altar of Ru.
  9642 | D:11     | Found Fempoblyf's Armour Emporium.
  9654 | D:11     | Reached skill level 5 in Dodging
  9655 | D:11     | Found a staircase to the Orcish Mines.
  9655 | D:11     | Found Xexurcho's Weapon Emporium.
  9745 | D:11     | Found a labyrinth entrance.
  9756 | D:11     | Noticed a cyan ugly thing
  9767 | D:11     | Killed a cyan ugly thing
  9767 | D:11     | Reached skill level 14 in Axes
  9773 | D:11     | Gained mutation: Your flesh is very cold resistant. (rC++) [mutagenic meat]
  9774 | D:11     | Gained mutation: Armour fits poorly on your strangely shaped body. [mutagenic meat]
  9775 | D:11     | Lost mutation: Your spells are a little easier to cast, but a little less powerful. [mutagenic meat]
  9837 | D:11     | Noticed shinino's ghost (journeyman MiBe)
  9837 | D:11     | Noticed a red ugly thing
  9872 | D:11     | Hit by a large rock thrown by a cyclops

Vault maps used:
D:1:      ncdulo_wetmaze
D:2:      minmay_split_cup_large, uniq_natasha
D:3:      gammafunk_temple_overflow_statue, lemuel_round_altar,
          ashenzari_altar_1, uniq_crazy_yiuf_cottage
D:4:      dancing_weapons_uskayaw
D:5:      yredelemnul_forgotten_temple_becter, first_bread,
          serial_park_tiny_pond
D:6:      old_standard_altar, roderic_cross_of_infinity, lemuel_old_faithful
D:7:      slow_altar_2, serial_shops, nicolae_shop_waterfront,
          nicolae_shop_waterfront, shop, grunt_ogre_cave, minmay_misc_feat_room
D:8:      minmay_ornate_pinched, dpeg_oklobed_lair, minmay_orc_keep
D:9:      nicolae_looking_at_the_future
D:10:     nicolae_ru_sacrificial_ziggurat, uniq_urug
D:11:     minmay_box_of_curves, orc_david_3, serial_shops,
          nicolae_shop_waterfront, enter_trove_5, lab_entry_generic

Skill      XL: |  1  2  3  4  5  6  7  8  9 10 11 |
---------------+----------------------------------+-----
Axes           | 4 5 7 8 9 10 12 13 14 | 14.0
Fighting       | 4 5 7 9 11 | 11.3
Armour         | 3 5 7 9 11 | 11.0
Evocations     | 4 |  4.1
Dodging        | 5 |  5.4

Action                   |  1- 3 |  4- 6 |  7- 9 | 10-12 || total
-------------------------+-------+-------+-------+-------++-------
Melee: Hand axe          |    72 |    89 |   290 |   315 ||   766
       Headbutt          |    16 |    24 |    88 |   125 ||   253
       War axe           |       |       |       |    90 ||    90
Invok: Berserk           |     1 |     1 |     2 |     4 ||     8
       Trog's Hand       |     1 |     2 |     5 |    16 ||    24
       Burn Spellbooks   |       |     1 |       |       ||     1
Evoke: Wand              |       |       |       |    12 ||    12
  Use: Scroll            |     1 |     3 |     4 |    10 ||    18
       Potion            |       |       |       |    14 ||    14
  Eat: Chunk             |     1 |     9 |    13 |    15 ||    38
       Royal jelly       |       |       |     1 |       ||     1
       Pizza             |       |       |     1 |       ||     1
       Fruit             |       |       |       |     8 ||     8
Armor: Chain mail        |    32 |    54 |       |       ||    86
       Plate armour      |       |    13 |   127 |   192 ||   332
       Skin              |       |       |       |     7 ||     7
Dodge: Dodged            |    26 |    41 |    88 |   150 ||   305
